 Dungeon Crawl Stone Soup version 0.29.0-4-gdea44cf6ec (webtiles) character file.

Game seed: 17155572774766252074

695 qw the Ruffian (level 7, 0/58 HPs)
             Began as a Ghoul Enchanter on Sept 5, 2022.
             Slain by an orc
             ... wielding a +0 trident
              (2 damage)
             ... on level 6 of the Dungeon.
             The game lasted 00:02:35 (5903 turns).

qw the Ruffian (Ghoul Enchanter)                    Turns: 5903, Time: 00:02:36

Health: 0/58       AC: 13    Str: 14    XL:     7   Next: 64%
Magic:  8/8        EV:  6    Int: 10    God:
Gold:   294        SH:  0    Dex:  9    Spells: 9/9 levels left

rFire   . . .      SeeInvis .     - Unarmed
rCold   + . .      Faith    .   (no shield)
rNeg    + + +      Spirit   .   j - +0 chain mail
rPois   inf        Reflect  .   e - +1 hat
rElec   .          Harm     .   i - +0 cloak
rCorr   .          Rampage  .   b - +0 pair of gloves
Will    .....                   g - +0 pair of boots
Stlth   ..........              h - amulet of regeneration
HPRegen 0.00/turn               (no ring)
MPRegen 0.11/turn               (no ring)

@: inhibited regen
A: claws 1, cold resistance 1, negative energy resistance 3, inhibited
regeneration, torment resistance 2, devour on kill
a: no special abilities


You were on level 6 of the Dungeon.
You visited 1 branch of the dungeon, and saw 6 of its levels.

You collected 294 gold pieces.


Innate Abilities, Weirdness & Mutations

You are immune to poison.
You have sharp fingernails.
Your flesh is cold resistant. (rC+)
You are immune to negative energy. (rN+++)
You do not regenerate when monsters are visible.
You are immune to unholy pain and torment.
You thrive by killing the living.


   Skills:
 - Level 3.7 Fighting
 - Level 0.8 Short Blades
 - Level 2.2 Armour
 - Level 1.7 Dodging
 - Level 3.2 Stealth
 + Level 7.2 Unarmed Combat
 - Level 1.7 Spellcasting
 - Level 2.4 Hexes


You had 9 spell levels left.
You didn't know any spells.
Your spell library contained the following spells:

 Spells                   Type           Power      Damage    Failure   Level
 Ensorcelled Hibernation  Hex/Ice        6%         N/A       100%        2
 Confusing Touch          Hex            5%         N/A       100%        3
 Dazzling Flash           Conj/Hex       6%         N/A       100%        3
 Tukima's Dance           Hex            5%         N/A       100%        3

Inventory:

Missiles
 c - 2 boomerangs (quivered)
Armour
 b - a +0 pair of gloves (worn)
 e - a +1 hat (worn)
 g - a +0 pair of boots (worn)
 i - a +0 cloak (worn)
 j - a +0 chain mail (worn)
Jewellery
 h - an amulet of regeneration (around neck)
Scrolls
 o - a scroll of identify
Potions
 d - 2 potions of curing
 f - a potion of resistance
 k - a potion of mutation {unknown}
 l - a potion of haste {unknown}
 n - a potion of lignification {unknown}

Dungeon Overview and Level Annotations

Branches:
Dungeon (6/15)
 Temple: D:4-7

Altars:
Ashenzari
Makhleb
Nemelex Xobeh
Ru

Portals:
Abyss: D:3

Annotations:
D:3 2 transporters, qw's ghost, amateur BaCK


Message History

The orc hits you but does no damage.
You barely miss the black bear. Your punch misses the black bear.
The black bear is almost dead.
The black bear bites you!
The black bear claws you but does no damage.
The black bear claws you.
The scorpion stings you but does no damage.
The orc hits you but does no damage.
You barely miss the black bear.
The black bear is almost dead.
The black bear bites you but does no damage.
The black bear barely misses you. The black bear claws you.
The scorpion stings you but does no damage.
The black bear barely misses you.
The black bear claws you but does no damage. x2
You closely miss the black bear.
The black bear is almost dead.
The scorpion stings you but does no damage.
The orc hits you but does no damage. The black bear barely misses you.
The black bear claws you but does no damage.
The black bear claws you.
You punch the black bear!
You kill the black bear!
The scorpion stings you. The orc hits you but does no damage.
The scorpion stings you but does no damage.
Your Unarmed Combat skill increases to level 7!
You barely miss the scorpion. Your punch misses the scorpion.
The orc barely misses you. The scorpion barely misses you.
You closely miss the scorpion. The orc barely misses you.
The scorpion stings you but does no damage.
You barely miss the scorpion. The orc hits you but does no damage.
The scorpion completely misses you.
You hit the scorpion but do no damage.
The scorpion stings you but does no damage.
The orc hits you from afar with a +0 trident.
You hit the scorpion but do no damage. The scorpion barely misses you.
The orc hits you from afar with a +0 trident.
You die...

#. ..# .. #.## #.. #o #..#
#.# # #. ### #.. #..## #.#
###.##. .. ...
#...##.####...... .##.o.
..#..o##....#....##g..o##
#.##!....... #...##...#
........##########o#..#.##
.....[#####.....@)........
..........)......s......!.
#####.......#.##########..
###.###.#..# #####.#
#.##.# #.<.).# #..#..
###.##### ##.##.#
........# #.##.# ........#
#..#.####.


You could see a scorpion and an orc.

Vanquished Creatures
  A black bear (D:6)
  4 scorpions
  2 orc priests
  2 iguanas (D:4)
  3 orc wizards
  2 adders (D:3)
  3 gnolls (D:6)
  2 shadow imps
  An ufetubus (D:5)
  4 dart slugs
  15 orcs
  5 bats
  7 endoplasms
  4 giant cockroaches
  7 goblins
  3 hobgoblins
  11 kobolds
  11 quokkas
  4 ball pythons
  A frilled lizard (D:1)
  5 rats
97 creatures vanquished.

Vanquished Creatures (others)
  An orc wizard (D:6)
  9 fungi (D:4)
10 creatures vanquished.

Grand Total: 107 creatures vanquished

Notes
Turn   | Place    | Note
-------+----------+-------------------------------------------
     0 | D:1      | qw the Ghoul Enchanter began the quest for the Orb.
     0 | D:1      | Reached XP level 1. HP: 14/14 MP: 2/2
     0 | D:1      | 0 ||| qw: Version: 0.1-a-104-g96f76f8
     0 | D:1      | 0 ||| qw: Game counter: 5909
     0 | D:1      | 0 ||| qw: Always use a shield: true
     0 | D:1      | 0 ||| qw: God list: Okawaru
     0 | D:1      | 0 ||| qw: Allow faded altars: false
     0 | D:1      | 0 ||| qw: Do Orc after D:15 true
     0 | D:1      | 0 ||| qw: Do second Lair branch before Depths: true
     0 | D:1      | 0 ||| qw: Lair rune preference: random
     0 | D:1      | 0 ||| qw: Plans: Normal
     0 | D:1      | 0 ||| PLANNING D:1-11
     1 | D:1      | 1 ||| DROPPING +1 dagger.
   103 | D:1      | Reached skill level 1 in Unarmed Combat
   129 | D:1      | 129 ||| Stepping ~*~*~tactically~*~*~ (hiding).
   231 | D:1      | 231 ||| Stepping ~*~*~tactically~*~*~ (hiding).
   266 | D:1      | 266 ||| Stepping ~*~*~tactically~*~*~ (hiding).
   368 | D:1      | 368 ||| Stepping ~*~*~tactically~*~*~ (hiding).
   470 | D:1      | 470 ||| Stepping ~*~*~tactically~*~*~ (hiding).
   572 | D:1      | 572 ||| Stepping ~*~*~tactically~*~*~ (hiding).
   674 | D:1      | 674 ||| Stepping ~*~*~tactically~*~*~ (hiding).
   776 | D:1      | 776 ||| Stepping ~*~*~tactically~*~*~ (hiding).
   783 | D:1      | Reached skill level 1 in Fighting
   783 | D:1      | Reached XP level 2. HP: 23/23 MP: 3/3
   923 | D:1      | HP: 5/23 [quokka (4)]
  1412 | D:1      | Reached skill level 2 in Unarmed Combat
  1568 | D:1      | 1568 ||| Stepping ~*~*~tactically~*~*~ (stealth).
  1573 | D:1      | 1573 ||| Stepping ~*~*~tactically~*~*~ (stealth).
  1617 | D:1      | 1617 ||| Stepping ~*~*~tactically~*~*~ (outnumbered).
  1618 | D:1      | 1618 ||| Stepping ~*~*~tactically~*~*~ (outnumbered).
  1620 | D:1      | Reached XP level 3. HP: 28/28 MP: 4/4
  2066 | D:1      | 2066 ||| UPGRADING to +1 hat.
  2071 | D:1      | 2071 ||| UPGRADING to +0 pair of boots.
  2076 | D:1      | 2076 ||| UPGRADING to +0 leather armour.
  2086 | D:1      | 2086 ||| DROPPING +0 robe.
  2087 | D:1      | 2087 ||| READING scroll labelled ZASEPH NOFEEM.
  2088 | D:1      | 2088 ||| DRINKING 2 red potions.
  2089 | D:1      | 2089 ||| DROPPING 2 potions of invisibility.
  2173 | D:2      | Reached skill level 3 in Unarmed Combat
  2210 | D:2      | Found a faded altar of an unknown god.
  2798 | D:2      | Reached XP level 4. HP: 35/35 MP: 5/5
  3053 | D:2      | 3053 ||| UPGRADING to +0 chain mail.
  3063 | D:2      | 3063 ||| DROPPING +0 leather armour.
  3064 | D:2      | 3064 ||| READING 2 scrolls labelled SYOCRECOUT.
  3065 | D:2      | 3065 ||| READING scroll labelled XEM WIRIOXT.
  3068 | D:2      | 3068 ||| DRINKING 3 glowing inky potions.
  3069 | D:2      | 3069 ||| DRINKING 2 fizzy green potions.
  3070 | D:2      | 3070 ||| DROPPING 2 potions of flight.
  3071 | D:2      | 3071 ||| DROPPING potion of attraction.
  3104 | D:3      | 3104 ||| STAIRDANCE
  3140 | D:3      | Found a broken altar of Ashenzari.
  3141 | D:3      | Found a sparkling altar of Nemelex Xobeh.
  3143 | D:3      | Found a burning altar of Makhleb.
  3304 | D:3      | Reached skill level 1 in Armour
  3321 | D:3      | 3321 ||| Stepping ~*~*~tactically~*~*~ (stealth).
  3549 | D:3      | Found a sacrificial altar of Ru.
  3676 | D:3      | Noticed a small abomination
  3679 | D:3      | Found a transporter.
  3684 | D:3      | Found a transporter.
  3684 | D:3      | Noticed a small abomination
  3688 | D:3      | Found a one-way gate to the infinite horrors of the Abyss.
  3688 | D:3      | Noticed qw's ghost (amateur BaCK)
  3700 | D:3      | 3700 ||| Stepping ~*~*~tactically~*~*~ (stealth).
  3768 | D:3      | 3768 ||| Stepping ~*~*~tactically~*~*~ (stealth).
  3772 | D:3      | 3772 ||| Stepping ~*~*~tactically~*~*~ (stealth).
  3896 | D:3      | Reached skill level 4 in Unarmed Combat
  3934 | D:3      | 3934 ||| UPGRADING to +0 cloak.
  3939 | D:3      | 3939 ||| UPGRADING to amulet of regeneration.
  3944 | D:3      | 3944 ||| READING scroll labelled ACSINU JODU.
  3945 | D:3      | 3945 ||| READING scroll labelled JACOUG JEISM.
  4023 | D:4      | Noticed a scorpion
  4031 | D:4      | Killed a scorpion
  4032 | D:4      | Reached XP level 5. HP: 41/44 MP: 6/6
  4116 | D:4      | 4116 ||| Stepping ~*~*~tactically~*~*~ (stealth).
  4145 | D:4      | 4145 ||| Stepping ~*~*~tactically~*~*~ (stealth).
  4151 | D:4      | 4151 ||| Stepping ~*~*~tactically~*~*~ (outnumbered).
  4152 | D:4      | 4152 ||| Stepping ~*~*~tactically~*~*~ (outnumbered).
  4153 | D:4      | 4153 ||| Stepping ~*~*~tactically~*~*~ (outnumbered).
  4154 | D:4      | 4154 ||| Stepping ~*~*~tactically~*~*~ (outnumbered).
  4180 | D:4      | 4180 ||| Stepping ~*~*~tactically~*~*~ (hiding).
  4204 | D:4      | 4204 ||| DRINKING 3 potions of curing.
  4204 | D:4      | 4204 ||| (to cure confusion)
  4209 | D:4      | Reached skill level 5 in Unarmed Combat
  4209 | D:4      | Reached XP level 6. HP: 39/50 MP: 7/7
  4629 | D:4      | 4629 ||| READING scroll labelled FIOROBL NYKOSH.
  4630 | D:4      | 4630 ||| DRINKING 2 silvery potions.
  4631 | D:4      | 4631 ||| READING 2 scrolls of identify.
  4631 | D:4      | 4631 ||| IDENTIFYING sapphire potion
  4632 | D:4      | 4632 ||| DROPPING potion of brilliance.
  4683 | D:5      | Entered Level 5 of the Dungeon
  4823 | D:5      | 4823 ||| Stepping ~*~*~tactically~*~*~ (outnumbered).
  4833 | D:5      | 4833 ||| Stepping ~*~*~tactically~*~*~ (stealth).
  4835 | D:5      | 4835 ||| Stepping ~*~*~tactically~*~*~ (stealth).
  4844 | D:5      | 4844 ||| Stepping ~*~*~tactically~*~*~ (stealth).
  4861 | D:5      | 4861 ||| Stepping ~*~*~tactically~*~*~ (stealth).
  4863 | D:5      | 4863 ||| Stepping ~*~*~tactically~*~*~ (stealth).
  4865 | D:5      | 4865 ||| Stepping ~*~*~tactically~*~*~ (hiding).
  4877 | D:5      | HP: 8/50 [orc priest/divine providence (16)]
  4878 | D:5      | 4878 ||| READING 2 scrolls of teleportation.
  4879 | D:5      | 4879 ||| DRINKING potion of heal wounds.
  5135 | D:5      | Reached skill level 6 in Unarmed Combat
  5194 | D:5      | Reached skill level 3 in Fighting
  5253 | D:5      | Reached XP level 7. HP: 33/58 MP: 8/8
  5547 | D:5      | 5547 ||| UPGRADING to +0 pair of gloves.
  5552 | D:5      | 5552 ||| READING scroll labelled WUZOPH HIAC.
  5681 | D:6      | 5681 ||| Stepping ~*~*~tactically~*~*~ (hiding).
  5688 | D:6      | 5688 ||| Stepping ~*~*~tactically~*~*~ (outnumbered).
  5690 | D:6      | 5690 ||| Stepping ~*~*~tactically~*~*~ (outnumbered).
  5691 | D:6      | 5691 ||| Stepping ~*~*~tactically~*~*~ (outnumbered).
  5692 | D:6      | 5692 ||| Stepping ~*~*~tactically~*~*~ (outnumbered).
  5693 | D:6      | 5693 ||| Stepping ~*~*~tactically~*~*~ (outnumbered).
  5694 | D:6      | 5694 ||| Stepping ~*~*~tactically~*~*~ (outnumbered).
  5695 | D:6      | 5695 ||| Stepping ~*~*~tactically~*~*~ (outnumbered).
  5697 | D:6      | 5697 ||| Stepping ~*~*~tactically~*~*~ (outnumbered).
  5698 | D:6      | 5698 ||| Stepping ~*~*~tactically~*~*~ (outnumbered).
  5713 | D:6      | HP: 11/58 [gnoll/+0 flail[a gnoll sergeant] (8)]
  5714 | D:6      | 5714 ||| READING scroll of teleportation.
  5714 | D:6      | HP: 2/58 [gnoll/+0 flail[a gnoll sergeant] (9)]
  5786 | D:6      | 5786 ||| Stepping ~*~*~tactically~*~*~ (hiding).
  5787 | D:6      | 5787 ||| Stepping ~*~*~tactically~*~*~ (hiding).
  5799 | D:6      | 5799 ||| Stepping ~*~*~tactically~*~*~ (outnumbered).
  5804 | D:6      | 5804 ||| DRINKING 3 potions of curing.
  5804 | D:6      | 5804 ||| (to cure confusion)
  5811 | D:6      | 5811 ||| FLEEEEING.
  5812 | D:6      | 5812 ||| FLEEEEING.
  5813 | D:6      | 5813 ||| FLEEEEING.
  5814 | D:6      | 5814 ||| FLEEEEING.
  5815 | D:6      | 5815 ||| FLEEEEING.
  5816 | D:6      | 5816 ||| FLEEEEING.
  5818 | D:6      | 5818 ||| FLEEEEING.
  5821 | D:6      | 5821 ||| STAIRDANCE
  5835 | D:5      | 5835 ||| READING 2 scrolls of identify.
  5835 | D:5      | 5835 ||| IDENTIFYING metallic cyan potion
  5869 | D:6      | 5869 ||| Stepping ~*~*~tactically~*~*~ (stealth).
  5871 | D:6      | 5871 ||| Stepping ~*~*~tactically~*~*~ (hiding).
  5872 | D:6      | 5872 ||| Stepping ~*~*~tactically~*~*~ (hiding).
  5876 | D:6      | 5876 ||| Stepping ~*~*~tactically~*~*~ (outnumbered).
  5880 | D:6      | 5880 ||| Stepping ~*~*~tactically~*~*~ (stealth).
  5888 | D:6      | 5888 ||| Stepping ~*~*~tactically~*~*~ (outnumbered).
  5896 | D:6      | HP: 12/58 [black bear (6)]
  5898 | D:6      | HP: 5/58 [scorpion (5)]
  5899 | D:6      | Reached skill level 7 in Unarmed Combat
  5902 | D:6      | HP: 2/58 [orc/+0 trident (3)]
  5903 | D:6      | Slain by an orc

Levels and vault maps discovered:
D:1:      lightli_arrival_maybe_door_vault, layout_loops_ring
D:2:      layout_loops_ring, ebering_ecumenical_altar_sacrificial
D:3:      layout_loops_cross, nicolae_overflow_hidden_temple,
          gammafunk_ghost_abyssal_escape, feat_on_display
D:4:      layout_rooms, serial_aquarium, aquarium_bridge_square
          [aquarium_subvault_bridge, aquarium_subvault_wall,
          aquarium_subvault_bridge, aquarium_subvault_balcony],
          aquarium_window_1, aquarium_window_fake, aquarium_window_double,
          aquarium_window_corridor_2, aquarium_view_2d, aquarium_pool_2
D:5:      layout_basic, hex_large
D:6:      minmay_opposing_rooms, layout_rooms, minmay_temple_entry_junction,
          ebering_ghost_rock_garden

Skill      XL: |  1  2  3  4  5  6  7 |
---------------+----------------------+-----
Unarmed Combat | 1 2 3 4 5 6 7 |  7.2
Fighting       | 1 2 3 |  3.7
Armour         | 1 2 |  2.2
Short Blades   | |  0.8
Dodging        | |  1.7
Stealth        | |  3.2
Spellcasting   | |  1.7
Hexes          | |  2.4

Action                   |  1- 3 |  4- 6 |  7- 9 || total
-------------------------+-------+-------+-------++-------
Melee: Unarmed           |   173 |   177 |    95 ||   445
       Punch             |     3 |     8 |     4 ||    15
Throw: Boomerang         |    17 |    18 |     2 ||    37
  Use: Scroll            |     1 |     7 |     3 ||    11
       Potion            |     1 |     5 |     1 ||     7
 Stab: Sleeping          |     2 |       |       ||     2
Armor: Robe              |    17 |       |       ||    17
       Leather armour    |    14 |     2 |       ||    16
       Chain mail        |       |    85 |   106 ||   191
Dodge: Dodged            |    82 |    45 |    48 ||   175

Table legend:
 A = Non-vault XP
 B = Vault XP
 C = Vault XP percentage of total XP
 D = Non-vault monster count
 E = Vault monster count
 F = Vault count percentage of total count
                 A         B        C        D         E       F
            +---------+---------+-------+---------+---------+-------
      Total |     994 |       0 |   0.0 |      98 |       0 |   0.0
            +---------+---------+-------+---------+---------+-------
        D:1 |      49 |       0 |   0.0 |      27 |       0 |   0.0
        D:2 |      38 |       0 |   0.0 |      20 |       0 |   0.0
        D:3 |      50 |       0 |   0.0 |      13 |       0 |   0.0
        D:4 |     245 |       0 |   0.0 |      12 |       0 |   0.0
        D:5 |     246 |       0 |   0.0 |      11 |       0 |   0.0
        D:6 |     366 |       0 |   0.0 |      15 |       0 |   0.0
            +---------+---------+-------+---------+---------+-------
